 Dungeon Crawl Stone Soup version 0.25-a0-505-gae4569222e (webtiles) character file.

Game seed: 1512894437286855744, levelgen mode: deterministic

67 kae the Insei (level 3, -3/28 HPs)
             Began as a Demonspawn Gladiator on Feb 14, 2020.
             Slain by an orc wizard
             ... wielding a cursed -1 dagger
              (4 damage)
             ... on level 3 of the Dungeon.
             The game lasted 00:01:53 (2415 turns).

kae the Insei (Demonspawn Gladiator)                Turns: 2415, Time: 00:01:53

Health: -3/28      AC:  6    Str: 14    XL:     3   Next: 98%
Magic:  3/3        EV: 13    Int:  9    God:
Gold:   87         SH:  0    Dex: 15    Spells: 2/2 levels left

rFire    . . .     SeeInvis .     - Unarmed
rCold    . . .     Gourm    .   (no shield)
rNeg     . . .     Faith    .   a - +0 leather armour
rPois    .         Spirit   .   b - +0 helmet
rElec    .         Reflect  .   (no cloak)
rCorr    .         Harm     .   (no gloves)
MR       .....                  p - +1 pair of boots
Stlth    +.........             (no amulet)
HPRegen  0.09/turn              (no ring)
MPRegen  0.08/turn              (no ring)

@: no status effects
A: powered by death 1
a: no special abilities


You were on level 3 of the Dungeon.
You were not hungry.

You visited 1 branch of the dungeon, and saw 3 of its levels.

You collected 87 gold pieces.

Inventory:

Armour
 a - a +0 leather armour (worn)
 b - a +0 helmet (worn)
 p - a +1 pair of boots (worn)
Scrolls
 h - 2 scrolls of teleportation
 j - a scroll of immolation
 k - 2 scrolls of blinking
 o - a scroll of remove curse
Potions
 e - a potion of heal wounds
 f - a potion of curing
 i - a potion of degeneration {unknown}
 l - a potion of lignification
 m - a potion of mutation
 q - a potion of cancellation
 r - a potion of magic
Comestibles
 d - 7 rations
 g - a chunk of flesh


   Skills:
 + Level 2.7 Fighting
 - Level 1.7 Throwing
 - Level 3.0 Dodging
 * Level 3.8 Unarmed Combat


You had 2 spell levels left.
You didn't know any spells.
Your spell library was empty.

Dungeon Overview and Level Annotations

Branches:
Dungeon (3/15)

Altars:


Innate Abilities, Weirdness & Mutations

You regenerate a little health from kills.


Message History

The orc wizard hits you but does no damage. x2
You hit the orc wizard but do no damage.
The orc wizard is almost dead.
The orc wizard hits you but does no damage.
You closely miss the orc wizard.
The orc wizard is almost dead.
The orc wizard hits you but does no damage.
The orc wizard completely misses you.
You hit the orc wizard but do no damage.
The orc wizard is almost dead.
The orc wizard gestures at you while chanting.
The magic dart hits you.
* * * LOW HITPOINT WARNING * * *
You closely miss the orc wizard.
The orc wizard is almost dead.
The orc wizard gestures at you while chanting.
The magic dart hits you.
* * * LOW HITPOINT WARNING * * *
The orc wizard hits you with a cursed -1 dagger.
You die...

### ..# #.# #.## #.. #.#
#.#####?###.#
#(..{o@.....#
#....o##.###.# #.... #.#
# # #... #.# #. .# ....
#.# #.#########.# .....
#รท# #...)........
......##.###.#....<....#
..................<####
..^..##.#.....##...#


You could see an orc wizard and an orc.

Vanquished Creatures
  An adder (D:2)
  An ooze (D:2)
  3 worms (D:2)
  A dart slug (D:2)
  A leopard gecko (D:1)
  An orc (D:3)
  A ball python (D:3)
  3 bats
  A giant cockroach (D:2)
  3 goblins
  9 hobgoblins
  7 kobolds
  4 frilled lizards
  4 rats
40 creatures vanquished.

Notes
Turn   | Place    | Note
-------+----------+-------------------------------------------
     0 | D:1      | kae the Demonspawn Gladiator began the quest for the Orb.
     0 | D:1      | Reached XP level 1. HP: 16/16 MP: 1/1
   400 | D:1      | Gained mutation: You regenerate a little health from kills.
                  | [demonic ancestry]
   400 | D:1      | Reached XP level 2. HP: 17/22 MP: 2/2
  1260 | D:2      | Reached XP level 3. HP: 21/28 MP: 3/3
  2415 | D:3      | HP: 1/28 [orc wizard/magic dart (4)]
  2415 | D:3      | Slain by an orc wizard

Levels and vault maps discovered:
D:1:      wander_arrival_chamber, layout_loops_ring
D:2:      layout_basic
D:3:      layout_loops_ring, nicolae_qazlal_style_of_elements,
          uniq_crazy_yiuf_cottage

Skill      XL: |  1  2 |
---------------+-------+-----
Unarmed Combat | 3 |  3.8
Dodging        | 3 |  3.0
Fighting       | |  2.7
Throwing       | |  1.7

Action                   || total
-------------------------++-------
Melee: Unarmed           ||   170
       Punch             ||     4
Throw: Throwing net      ||     3
  Use: Scroll            ||    10
       Potion            ||     3
 Stab: Sleeping          ||     2
  Eat: Chunk             ||     5
Armor: Leather armour    ||    27
       Skin              ||     1
Dodge: Dodged            ||    91

Table legend:
 A = Non-vault XP
 B = Vault XP
 C = Vault XP percentage of total XP
 D = Non-vault monster count
 E = Vault monster count
 F = Vault count percentage of total count
                 A         B        C        D         E       F
            +---------+---------+-------+---------+---------+-------
      Total |      96 |       0 |   0.0 |      40 |       0 |   0.0
            +---------+---------+-------+---------+---------+-------
        D:1 |      29 |       0 |   0.0 |      18 |       0 |   0.0
        D:2 |      61 |       0 |   0.0 |      19 |       0 |   0.0
        D:3 |       6 |       0 |   0.0 |       3 |       0 |   0.0
            +---------+---------+-------+---------+---------+-------
